 Dungeon Crawl Stone Soup version 0.21-a0-137-g951aa02 (webtiles) character file.

113 Gorglomux the Skirmisher (level 4, -4/40 HPs)
             Began as a Hill Orc Arcane Marksman on July 18, 2017.
             Slain by Sigmund
             ... wielding a cursed -1 scythe
              (9 damage)
             ... on level 2 of the Dungeon.
             The game lasted 00:08:05 (2525 turns).

Gorglomux the Skirmisher (Hill Orc Arcane Marksman) Turns: 2525, Time: 00:08:05

Health: -4/40      AC:  6    Str: 13    XL:     4   Next: 96%
Magic:  5/5        EV:  9    Int: 13    God:
Gold:   62         SH:  0    Dex: 11    Spells: 4/5 levels left

rFire    . . .     SeeInvis .   T - +2 mace (protect)
rCold    . . .     Gourm    .   (no shield)
rNeg     + . .     Faith    .   M - +0 scale mail
rPois    .         Spirit   .   (no helmet)
rElec    .         Reflect  .   (no cloak)
rCorr    .         Harm     .   (no gloves)
MR       .....                  (no boots)
Stlth    ..........             (no amulet)
HPRegen  0.13/turn              S - ring of positive energy
MPRegen  0.09/turn              (no ring)

@: very slightly contaminated
A: no striking features
a: no special abilities


You were on level 2 of the Dungeon.
You were not hungry.

You visited 1 branch of the dungeon, and saw 2 of its levels.

You collected 62 gold pieces.

Inventory:

Hand Weapons
 T - a +2 mace of protection (weapon)
Missiles
 W - 55 stones
 Z - 2 throwing nets (quivered)
Armour
 M - a +0 scale mail (worn)
Jewellery
 S - a ring of positive energy (left hand)
Scrolls
 N - a scroll of noise {unknown}
 O - 2 scrolls of identify {unknown}
 P - a scroll of fear {unknown}
 Q - a scroll of recharging {unknown}
 R - 2 scrolls of immolation {unknown}
 U - a scroll of blinking {unknown}
 V - a scroll of teleportation {unknown}
Potions
 Y - a potion of berserk rage {unknown}
Books
 b - a book of Debilitation

   Spells                             Type                      Level
   a - Corona                         Hexes                        1
   b - Slow                           Hexes                        2
   c - Inner Flame                    Hexes/Fire                   3
   d - Portal Projectile              Hexes/Translocation          3
   e - Cause Fear                     Hexes                        4
   f - Leda's Liquefaction            Hexes/Earth                  4
Comestibles
 f - a bread ration
 L - 10 chunks of flesh


   Skills:
 + Level 4.1 Fighting
 + Level 3.2 Throwing
 - Level 1.5 Dodging
 - Level 1.0 Spellcasting
 - Level 3.0 Hexes


You had 4 spell levels left.
You knew the following spells:

 Your Spells              Type           Power        Failure   Level  Hunger
a - Corona                Hex            #......      38%         1    ##.....


Dungeon Overview and Level Annotations

Branches:
Dungeon (2/15)

Altars:

Annotations:
D:2 Sigmund


Message History

You see here a stone!
You flicker for a moment!
You butt less confused!
Something hits you!!! * * * don't die
* * *
Things that are here:
a stone; a large agate ring
Things that are here:
a javelin; a stone You closely miss something!
Something hits you! * * * don't die
* * * You pound something like an anvil!
Your weapon exudes an aura of protection!
Butt completely misses you!
You closely miss something!
You butt back into view!
Something hits you but does no damage!
You closely miss something! Something hits you! * * * don't die
* * * You miss something!
Something hits you!!! rip

### #(.
#.# #.#
#.# #{#
#@# #(#
#(#
######.#
#......#
#.######
#.# #.#
#.#


There were no monsters in sight!

Vanquished Creatures
  Jessica (D:2)
  2 adders (D:2)
  3 gnolls
  An ooze (D:1)
  A dart slug (D:1)
  5 bats
  3 giant cockroaches
  4 goblins (D:1)
  A hobgoblin (D:1)
  4 jackals (D:2)
  3 kobolds
  2 ball pythons
  2 frilled lizards (D:1)
  4 rats
36 creatures vanquished.

Notes
Turn   | Place    | Note
-------+----------+-------------------------------------------
     0 | D:1      | Gorglomux the Hill Orc Arcane Marksman began the quest for the Orb.
     0 | D:1      | Reached XP level 1. HP: 16/16 MP: 2/2
   361 | D:1      | Reached skill level 2 in Fighting
   361 | D:1      | Reached XP level 2. HP: 10/24 MP: 0/3
  1350 | D:1      | You fall through a shaft!
  1351 | D:2      | Reached XP level 3. HP: 30/30 MP: 4/4
  1381 | D:2      | Noticed Jessica
  1969 | D:2      | Killed Jessica
  1969 | D:2      | Reached skill level 3 in Fighting
  2023 | D:1      | Reached XP level 4. HP: 33/38 MP: 5/5
  2164 | D:2      | Reached skill level 3 in Throwing
  2420 | D:2      | Reached skill level 4 in Fighting
  2494 | D:2      | Noticed Sigmund
  2525 | D:2      | Slain by Sigmund

Vault maps used:
D:1:      mrwooster_arrival_arrow
D:2:      minmay_item_behind_shaft, minmay_pentomino_p2, uniq_jessica,
          uniq_sigmund, uniq_robin

Skill      XL: |  1  2  3  4 |
---------------+-------------+-----
Fighting       | 2 3 4 |  4.1
Throwing       | 2 3 |  3.2
Dodging        | |  1.5
Spellcasting   | |  1.0
Hexes          | |  3.0

Action                   |  1- 3 |  4- 6 || total
-------------------------+-------+-------++-------
Melee: Unarmed           |    30 |       ||    30
       Dagger            |    56 |       ||    56
       Mace              |    26 |    39 ||    65
Throw: Stone             |    80 |     5 ||    85
       Javelin           |     5 |     4 ||     9
 Cast: Corona            |    11 |     3 ||    14
  Use: Potion            |       |     1 ||     1
  Eat: Chunk             |     3 |     3 ||     6
Armor: Robe              |    66 |       ||    66
       Scale mail        |       |    19 ||    19
Dodge: Dodged            |   132 |    27 ||   159
